 Dungeon Crawl Stone Soup version 0.01-2161-g8ec87df2bd (webtiles) character file.

Game seed: 6882977018986233868, levelgen mode: deterministic

6206 Lanoc the Magus (level 10, -9/76 HPs) Lignifite Demonspawn. Began on July 1, 2020. Was an Elder of Nemelex Xobeh. Killed from afar by Josephine (25 damage) ... with a ghostly fireball ... on level 6 of the Dungeon. The game lasted 00:19:48 (5243 turns).

Lanoc the Magus (Lignifite Demonspawn)              Turns: 5243, Time: 00:19:48

Health: -9/76      AC: 11    Str: 20    XL:     10 ^: 2105
Magic:  20/20      EV: 15    Int: 16    God:    Nemelex Xobeh [4* [100]]
Gold:   262        SH:  7    Dex: 10    Spells: 12/13 levels left

rFire    x . .     Vision   .   D - +5 staff of Cyoqih {shield, earth; rElec MR+ AC+5 Int+2 Slay+3}
rCold    . . .     Gourm    .   (also wielding the above weapon)
rNeg     . . .     Faith    .   t - +1 robe {MR+}
rPois    +         Spirit   .   (helmet restricted)
rElec    +         Reflect  .   f - +0 cloak
rCorr    .         Harm     .   (gloves unavailable)
MR       +++..                  (boots unavailable)
Stlth    +.........             v - amulet of rage
HPRegen  0.35/turn              (no ring)
MPRegen  0.30/turn              (no ring)

@: heavily drained, quick
A: small, rF-, thin metallic chaff 2, deformed body, demonic guardian 1, speed
1, poison resistance, powered by death 1, slow metabolism 1, torment resistance,
plant, rot immunity
a: Triple Draw, Deal Four, Renounce Religion, Evoke Berserk Rage


You were on level 6 of the Dungeon.
You worshipped Nemelex Xobeh.
Nemelex Xobeh was greatly pleased with you.
You were not hungry.

You visited 2 branches of the dungeon, and saw 7 of its levels.

You collected 262 gold pieces.

Inventory:

Weapons
 c - a +0 hunting sling
 m - a +0 whip of electrocution
 s - a +0 giant club
 x - a +0 flail of holy wrath Shields
 p - a +0 buckler
Armour
 f - a +0 cloak (worn)
 n - a +2 pair of boots
 t - a +1 robe of magic resistance (worn)
Magical Staves
 D - the +5 staff of Cyoqih (weapon) {shield, earth; rElec MR+ AC+5 Int+2 Slay+3}
   (You found it on level 5 of the Dungeon)

   [staff of earth]

   Base accuracy: +5 Base damage: 5 Base attack delay: 1.2 This weapon's minimum
   attack delay (0.6) is reached at skill level 12.
   Exudes a magical forcefield from the head of the staff; granting some measure
   of shielding for the wielder.
   The strength of the forcefield depends on the wielder's skill in the staff's
   primary element and charms.
   Additional increases the spellpower of charms spells.
   It falls into the 'Staves' category.
   It is two handed.
   Its enchantment grants additive spellpower to the spells it enhances.
Jewellery
 v - an amulet of rage (around neck)
Wands
 C - a wand of iceblast (6)
Scrolls
 e - 2 scrolls of blinking
 h - 2 scrolls of immolation
 j - 6 scrolls of teleportation
 l - 2 scrolls of fog
 u - a scroll of magic mapping
 y - 2 scrolls of enchantment
Potions
 b - 2 potions of invisibility
 g - a potion of brilliance
 i - 3 potions of curing
 k - a potion of resistance
 w - 5 potions of mutation
 z - a potion of haste
 A - a potion of might
 E - a potion of cancellation
Miscellaneous
 q - a plain deck of escape {drawn: 5}
 B - a plain deck of escape
Comestibles
 d - 16 rations
 r - a chunk of flesh


   Skills:
 + Level 6.1(4.4) Fighting
 - Level 8.0(6.7) Whips & Flails
 * Level 4.1(4.9) Maces & Staves
 + Level 5.8(4.2) Dodging
 - Level 1.7(0.3) Stealth
 + Level 4.6(3.0) Shields
 - Level 2.1(0.7) Spellcasting
 * Level 12.3(10.4) Invocations


You had 12 spell levels left.
You knew the following spells:

 Your Spells              Type           Power        Failure   Level  Hunger
a - Flame Tongue          Fire           0 (40)       24%         1    ##.....

Your spell library contained the following spells:

 Spells                   Type           Power        Failure   Level  Hunger
 Blink                    Tloc           N/A          34%         2    ###....
 Call Imp                 Summ           0 (100)      34%         2    ###....
 Slow                     Hex            0 (100)      34%         2    ###....
 Conjure Flame            Fire           0 (100)      56%         3    ####...
 Mephitic Cloud           Pois/Air       0 (100)      56%         3    ####...


Dungeon Overview and Level Annotations

Branches:
Dungeon (6/8)              Temple (1/1) D:4            Lair (0/6) D:5
    Orc: D:6

Altars:
Cheibriados
Elyvilon
Fedhas Madash
Gozag Ym Sagoz
Kikubaaqudgha
Makhleb
Nemelex Xobeh
Qazlal
Ru
Trog
Uskayaw
Vehumet
Xom
Yredelemnul
Zin
The Shining One

Shops:
D:5 *

Annotations:
D:5 3 runed translucent doors
D:6 Josephine


Innate Abilities, Weirdness & Mutations

Your woody flesh burns easily. (rF-)
A tangle of shorter branches protects your body from attack. (+4 SH)
You are small and have problems with some larger weapons.
You are mostly covered in a thin metallic chaff. (AC +3)
Armour fits poorly on your strangely shaped body.
A weak demonic guardian rushes to your aid.
You cover ground quickly.
Your system is resistant to poisons. (rPois)
You regenerate a little health from kills.
You have a slow metabolism.
You are immune to unholy pain and torment.
You require very little carbon dioxide to survive.
You are immune to rotting.


Message History

You draw a card...
It is Exile.
The wraith is devoured by a tear in reality.
Josephine is infused with unholy energy.
* * * LOW HITPOINT WARNING * * *
Josephine draws life force from you and is healed!
You hit Josephine (9)!
Josephine is severely wounded. (21/67) HP You hit Josephine (8)!
Josephine is almost dead. (13/67) HP Josephine is no longer moving slowly.
You barely miss Josephine. You hit Josephine (7)!
Josephine is almost dead. (8/67) HP Josephine hits you but does no damage.
Josephine blocks your attack.
Josephine gestures at you while chanting.
The ghostly flame explodes!
The ghostly fireball engulfs you (25)!!
You feel drained.
You die...
Your body glows with a rainbow of weird colours and disappears.

#####.# ##.......?. #...#.#
#..#....≈.. #.###.# #.##...†...
#...#.####.##.......
#.#.#.'....##>....†.
#.#...############.# ##
######..### ##.# #. ###......@.#
#..# #. #........@5# #.## ##.#
#.#........# ########'## ..W.
#.#.....§..#####.......... ....
###.#...........##..........
...W##...#........##..'..........
....@..###...>....#####.....<....
....W### ####.##### ###########
##.# #.## #. #..#


You could see Josephine and a friendly ufetubus.

Vanquished Creatures
  Erica (D:5)
  A harpy (D:5)
  A spriggan (D:5)
  A hungry ghost (D:5)
  A necrophage (D:5)
  A phantom (D:4)
  A porcupine (D:3)
  2 sky beasts
  2 orc warriors
  3 ice beasts (D:5)
  5 ogres
  5 big kobolds
  Blork the orc (D:3)
  3 bullfrogs
  A howler monkey (D:3)
  A scorpion (D:5)
  2 crimson imps (D:4)
  4 jellies (D:2)
  2 orc priests (D:4)
  3 hounds
  A gnoll shaman (D:4)
  5 orc wizards
  10 worker ants
  A wyvern skeleton (D:3)
  3 bullfrog skeletons
  2 white imps
  4 adders
  3 gnolls (D:4)
  16 sewer rats (D:2)
  2 worms (D:2)
  6 cinder newts
  A hound skeleton (D:5)
  An ooze (D:2)
  A dart slug (D:1)
  4 leopard geckos
  20 orcs
  An adder zombie (D:5)
  A ball python (D:2)
  9 bats
  10 giant cockroaches
  7 goblins (D:1)
  5 hobgoblins (D:1)
  9 jackals
  29 kobolds
  A ball python skeleton (D:2)
  2 bat skeletons (D:2)
  2 orc skeletons (D:6)
  6 rats (D:1)
  A withered plant (D:2)
204 creatures vanquished.

Vanquished Creatures (collateral kills)
  2 trolls
  4 wraiths (D:6)
  A hippogriff (D:5)
  A human (D:5)
  A hungry ghost (D:6)
  A big kobold (D:6)
  A bullfrog (D:5)
  2 orc wizards (D:5)
  2 bullfrog zombies
  An adder (D:5)
  3 orcs (D:5)
19 creatures vanquished.

Vanquished Creatures (others)
  A wraith (D:6)
  A yak (D:5)
  A giant cockroach (D:2)
  81 withered plants (D:2)
84 creatures vanquished.

Grand Total: 307 creatures vanquished

Notes
Turn   | Place    | Note
-------+----------+-------------------------------------------
     0 | D:1      | Lanoc the Lignifite Demonspawn began the quest for the Orb.
     0 | D:1      | Reached XP level 1. HP: 12/12 MP: 4/4
   129 | D:1      | Gained mutation: You are partially covered in a thin
                  | metallic chaff. (AC +2) [demonic ancestry]
   129 | D:1      | Reached XP level 2. HP: 12/19 MP: 6/6
   306 | D:1      | Found a sparkling altar of Nemelex Xobeh.
   310 | D:1      | Became a worshipper of Nemelex Xobeh the Trickster
   341 | D:1      | Reached XP level 3. HP: 21/25 MP: 7/7
   403 | D:1      | Received a gift from Nemelex Xobeh
   865 | D:2      | Noticed a big kobold
   876 | D:2      | Killed a big kobold
   876 | D:2      | Reached skill level 4 in Invocations
   876 | D:2      | Gained mutation: You regenerate a little health from kills.
                  | [demonic ancestry]
   876 | D:2      | Reached XP level 4. HP: 24/30 MP: 4/8
   932 | D:2      | Reached XP level 5. HP: 35/35 MP: 9/9
   957 | D:2      | Reached skill level 5 in Invocations
   980 | D:2      | Gained mutation: You are mostly covered in a thin metallic
                  | chaff. (AC +3) [demonic ancestry]
   980 | D:2      | Reached XP level 6. HP: 32/42 MP: 10/10
  1171 | D:2      | Reached * piety under Nemelex Xobeh
  1171 | D:2      | Received a gift from Nemelex Xobeh
  1197 | D:2      | Reached skill level 6 in Invocations
  1674 | D:2      | Reached XP level 7. HP: 39/46 MP: 10/12
  1708 | D:2      | Reached skill level 5 in Whips & Flails
  2015 | D:2      | Reached skill level 7 in Invocations
  2207 | D:2      | Received a gift from Nemelex Xobeh
  2403 | D:3      | Found a glowing silver altar of Zin.
  2407 | D:3      | Noticed Blork the orc
  2444 | D:3      | Killed Blork the orc
  2444 | D:3      | Reached skill level 1 in Shields
  2481 | D:3      | Found a stormy altar of Qazlal.
  2503 | D:3      | Reached XP level 8. HP: 52/60 MP: 14/14
  2514 | D:3      | Reached ** piety under Nemelex Xobeh
  2529 | D:3      | Reached skill level 8 in Invocations
  3045 | D:4      | Reached skill level 9 in Invocations
  3333 | D:4      | Received a gift from Nemelex Xobeh
  3361 | D:4      | Found a staircase to the Ecumenical Temple.
  3372 | D:4      | Reached XP level 9. HP: 66/66 MP: 17/17
  3379 | Temple   | Entered the Ecumenical Temple
  3457 | D:4      | Reached *** piety under Nemelex Xobeh
  3574 | D:5      | Entered Level 5 of the Dungeon
  3620 | D:5      | Found a runed translucent gate.
  3620 | D:5      | Found a runed translucent gate.
  3620 | D:5      | Found a runed translucent gate.
  3643 | D:5      | Found Kieriti's Changing Room.
  3740 | D:5      | Noticed Erica
  3744 | D:5      | Reached skill level 10 in Invocations
  3760 | D:5      | Killed Erica
  3760 | D:5      | Reached skill level 5 in Fighting
  3760 | D:5      | Reached skill level 5 in Dodging
  3957 | D:5      | Found a bloodstained altar of Trog.
  3962 | D:5      | Found an ancient bone altar of Kikubaaqudgha.
  3965 | D:5      | Identified the +5 staff of Cyoqih {shield, earth; rElec MR+
                  | AC+5 Int+2 Slay+3}
  4059 | D:5      | Reached skill level 1 in Maces & Staves
  4059 | D:5      | Reached skill level 11 in Invocations
  4193 | D:5      | Noticed a harpy
  4193 | D:5      | a yak changed into a harpy
  4204 | D:5      | Killed a harpy
  4204 | D:5      | Gained mutation: A weak demonic guardian rushes to your
                  | aid. [demonic ancestry]
  4204 | D:5      | Reached XP level 10. HP: 64/76 MP: 19/19
  4524 | D:5      | Found a staircase to the Lair.
  5031 | D:6      | Reached skill level 12 in Invocations
  5193 | D:6      | Reached **** piety under Nemelex Xobeh
  5193 | D:6      | Noticed Josephine
  5243 | D:6      | Killed from afar by Josephine

Levels and vault maps discovered:
D:1:      lightli_arrival_statue_moat, layout_basic,
          nemelex_diamond_rough_becter
D:2:      layout_sewer
D:3:      layout_basic, bcadren_lemuel_inverted_doored_altar, basic_altar,
          first_ration, uniq_blork_the_orc
D:4:      layout_gridville, temple_fountains
D:5:      miniossuary_kennysheep_ghosthouse, layout_stronghold,
          grunt_temple_overflow_open, lair_entry_dummy, the_bakery,
          nicolae_transmutations_shop, uniq_erica
D:6:      layout_roguey, kennysheep_mini, nicolae_overflow_crystal_walls,
          zombieorc2_lemuel, uniq_harold, uniq_frances, uniq_josephine
Temple:   nicolae_temple_x_marks_the_god

Skill      XL: |  1  2  3  4  5  6  7  8  9 10 |
---------------+-------------------------------+-----
Whips & Flails | 3 4 5 7 8 |  8.0
Dodging        | 3 4 5 |  5.8
Invocations    | 4 5 6 7 9 11 12 | 12.3
Fighting       | 3 4 5 6 |  6.1
Shields        | 1 2 3 4 |  4.6
Maces & Staves | 2 4 |  4.1
Stealth        | |  1.7
Spellcasting   | |  2.1

Action                   |  1- 3 |  4- 6 |  7- 9 | 10-12 || total
-------------------------+-------+-------+-------+-------++-------
Melee: Flail             |   112 |     8 |       |       ||   120
       Unarmed           |    75 |    73 |    19 |       ||   167
       Whip              |       |   101 |   300 |       ||   401
       Staff             |       |       |    29 |   167 ||   196
 Cast: Flame Tongue      |     7 |    11 |     9 |       ||    27
Evoke: Deck              |     3 |       |     4 |    10 ||    17
       Wand              |       |       |       |     2 ||     2
  Use: Potion            |       |       |       |     2 ||     2
 Stab: Sleeping          |     2 |       |     3 |       ||     5
       Distracted        |       |       |       |     2 ||     2
  Eat: Chunk             |       |     1 |     8 |     5 ||    14
Armor: Robe              |    10 |    12 |    37 |    48 ||   107
Dodge: Dodged            |   114 |   101 |   120 |    92 ||   427
Block: Other             |     4 |     9 |     8 |    51 ||    72
       Buckler           |       |       |    56 |       ||    56
